 Dungeon Crawl Stone Soup version 0.21.1-1-g345015f (webtiles) character file.

114 tamerofbeasts the Shield-Bearer (level 4, -3/41 HPs)
             Began as a Minotaur Fighter on Mar 13, 2018.
             Slain by Cidec's ghost (6 damage)
             ... on level 3 of the Dungeon.
             The game lasted 00:05:50 (1765 turns).

tamerofbeasts the Shield-Bearer (Minotaur Fighter)  Turns: 1765, Time: 00:05:51

Health: -3/41      AC:  7    Str: 25    XL:     4   Next: 67%
Magic:  3/3        EV:  8    Int:  5    God:
Gold:   33         SH: 10    Dex: 11    Spells: 3/3 levels left

rFire    . . .     SeeInvis .   a - +0 war axe
rCold    . . .     Gourm    .   c - +0 shield
rNeg     . . .     Faith    .   b - +0 scale mail
rPois    .         Spirit   .   (helmet restricted)
rElec    .         Reflect  .   (no cloak)
rCorr    .         Harm     .   (no gloves)
MR       .....                  (no boots)
Stlth    ..........             (no amulet)
HPRegen  0.13/turn              (no ring)
MPRegen  0.08/turn              (no ring)

@: mighty
A: retaliatory headbutt, horns 2
a: no special abilities


You were on level 3 of the Dungeon.
You were not hungry.

You visited 1 branch of the dungeon, and saw 3 of its levels.

You collected 33 gold pieces.

Inventory:

Hand Weapons
 a - a +0 war axe (weapon)
Armour
 b - a +0 scale mail (worn)
 c - a +0 shield (worn)
 l - a +0 chain mail of positive energy
Jewellery
 h - a cursed ring of magical power {unknown}
 r - an uncursed amulet of guardian spirit {unknown}
Scrolls
 g - a scroll of fear {unknown}
 j - 3 scrolls of identify {unknown}
 k - a scroll of remove curse {unknown}
 m - a scroll of enchant weapon {unknown}
 n - 2 scrolls of enchant armour {unknown}
 s - a scroll of teleportation {unknown}
 t - a scroll of blinking {unknown}
Potions
 e - a potion of degeneration {unknown}
 i - 2 potions of agility {unknown}
 o - a potion of lignification {unknown}
 p - a potion of haste {unknown}
 q - 2 potions of mutation {unknown}
Comestibles
 f - a ration


   Skills:
 + Level 4.4 Fighting
 + Level 3.9 Axes
 + Level 4.2 Armour
 + Level 0.5 Dodging
 + Level 0.1 Stealth
 + Level 4.6 Shields


You had 3 spell levels left.
You didn't know any spells.

Dungeon Overview and Level Annotations

Branches:
Dungeon (3/15)

Altars:

Annotations:
D:3 Cidec's ghost, amateur DsGl


Innate Abilities, Weirdness & Mutations

You reflexively headbutt those who attack you in melee.
You have a pair of horns on your head.


Message History

The tomahawk hits you but does no damage.
You block the jackal's attack.
A quokka comes into view.
A goblin comes into view. It is wielding a dagger.
The goblin shouts!
The jackal bites you but does no damage.
You block the orc's attack. You block Cidec's ghost's attack.
The jackal barely misses you. You furiously retaliate!
You headbutt the jackal!
You kill the jackal!
You barely miss the orc.
You kill the orc!
You hit Cidec's ghost. You slash the giant cockroach!
You kill the giant cockroach!
Cidec's ghost hits you!
* * * LOW HITPOINT WARNING * * *
Cidec's ghost closely misses you.
Things that are here:
a tomahawk; an orc corpse Cidec's ghost hits you.
You die...

. ..?. #. #.. #.
#.# .###..###.#
# ......#...# .#
... #...†##...#
....###††...##
....# #!##...#
.....##@...#...#
....g.W(######.#
#####........# .
#...(####...
#...........
#......###.....
.!..r#. ####
.###... ..##


You could see Cidec's ghost, a quokka and a goblin.

Vanquished Creatures
  4 adders
  An ooze (D:2)
  A worm (D:2)
  2 dart slugs (D:1)
  2 orcs (D:3)
  3 ball pythons (D:2)
  3 giant cockroaches
  9 goblins
  3 hobgoblins
  6 jackals (D:3)
  A quokka (D:3)
  9 bats
  6 frilled lizards
  8 kobolds
  7 rats
65 creatures vanquished.

Notes
Turn   | Place    | Note
-------+----------+-------------------------------------------
     0 | D:1      | tamerofbeasts the Minotaur Fighter began the quest for the Orb.
     0 | D:1      | Reached XP level 1. HP: 19/19 MP: 0/0
   319 | D:1      | Reached XP level 2. HP: 21/27 MP: 1/1
   941 | D:2      | Reached XP level 3. HP: 18/33 MP: 2/2
  1410 | D:2      | Reached XP level 4. HP: 40/40 MP: 3/3
  1746 | D:3      | Noticed Cidec's ghost (amateur DsGl)
  1765 | D:3      | Slain by Cidec's ghost

Skill      XL: |  1  2  3 |
---------------+----------+-----
Fighting       | 4 |  4.4
Shields        | 4 |  4.6
Axes           | 3 |  3.9
Armour         | 4 |  4.2
Dodging        | |  0.5
Stealth        | |  0.1

Action                   |  1- 3 |  4- 6 || total
-------------------------+-------+-------++-------
Melee: War axe           |    97 |    26 ||   123
       Headbutt          |    10 |     7 ||    17
  Use: Potion            |       |     1 ||     1
  Eat: Ration            |     1 |       ||     1
Armor: Scale mail        |    68 |    25 ||    93
Dodge: Dodged            |    52 |    23 ||    75
Block: Shield            |    75 |    31 ||   106
